 Dungeon Crawl Stone Soup version 0.28-a0-667-g162e43154e (webtiles) character file.

Game seed: 9461533407770679453

88 BlueGoblin the Ducker (level 4, -1/30 HPs)
             Began as a Vampire Monk on Oct 17, 2021.
             Shot with a stone by a goblin (5 damage)
             ... led by Robin
             ... on level 2 of the Dungeon.
             The game lasted 00:03:09 (2147 turns).

BlueGoblin the Ducker (Vampire Monk)                Turns: 2147, Time: 00:03:10

Health: -1/30      AC:  2    Str: 10    XL:     4   Next: 29%
Magic:  3/4        EV: 15    Int: 12    God:
Gold:   56         SH:  0    Dex: 17    Spells: 3/3 levels left

rFire   . . .      SeeInvis +   a - +0 falchion
rCold   . . .      Faith    .   (no shield)
rNeg    . . .      Spirit   .   b - +0 robe
rPois   .          Reflect  .   (no helmet)
rElec   .          Harm     .   (no cloak)
rCorr   .          Rampage  .   (no gloves)
Will    .....                   (no boots)
Stlth   ++........              (no amulet)
HPRegen 0.30/turn               (no ring)
MPRegen 0.09/turn               (no ring)

@: healing quickly
A: alive, fangs 3, see invisible, vampiric 2, [frail 1]
a: Exsanguinate


You were on level 2 of the Dungeon.
You visited 1 branch of the dungeon, and saw 2 of its levels.

You collected 56 gold pieces.

Inventory:

Hand Weapons
 a - a +0 falchion (weapon)
Missiles
 j - 31 sling bullets
 m - 17 bolts
Armour
 b - a +0 robe (worn)
Jewellery
 i - an amulet of the acrobat
 o - a ring of resist corrosion
Scrolls
 c - a scroll of identify {unknown}
 d - a scroll of enchant armour {unknown}
 e - a scroll of teleportation {unknown}
 f - a scroll of fear {unknown}
 g - a scroll of enchant weapon {unknown}
 h - a scroll of immolation {unknown}
Potions
 k - a potion of curing {unknown}
 l - 2 potions of attraction {unknown}
 n - a potion of brilliance {unknown}


   Skills:
 - Level 2.6 Fighting
 - Level 3.0 Long Blades
 * Level 5.7 Dodging
 - Level 3.0 Stealth


You had 3 spell levels left.
You didn't know any spells.
Your spell library contained the following spells:

 Spells                   Type           Power      Damage    Failure   Level
 Dazzling Flash           Conj/Hex       0%         N/A       69%         3
 Portal Projectile        Hex/Tloc       0%         N/A       69%         3
 Agony                    Necr           0%         N/A       100%        5
 Blade Hands              Tmut           0%         N/A       100%        5
 Excruciating Wounds      Necr           0%         N/A       100%        5
 Silence                  Hex/Air        0%         N/A       100%        5


Dungeon Overview and Level Annotations

Branches:
Dungeon (2/15)

Altars:


Innate Abilities, Weirdness & Mutations

Your natural rate of healing is accelerated.
You have razor-sharp teeth.
You have supernaturally acute eyesight. (SInv)
You are afflicted with vampirism and can become a bat while bloodless.
[You are frail. (-10% HP)]


Message History

You kill Robin!
The goblin hits you with a +0 club.
* * * LOW HITPOINT WARNING * * *
You barely miss the goblin. The goblin closely misses you. x2
You slash the goblin!
You kill the goblin!
The goblin misses you.
Things that are here:
a +0 club; a goblin corpse
Things that are here:
a +0 dagger; a +0 hunting sling; 29 stones You see here a +0 dagger.
The goblin no longer looks unusually strong.
The hobgoblin no longer looks unusually strong.
The goblin shouts!
The goblin unwields a +0 hunting sling.
The goblin wields a +0 club.
The goblin hits you with a +0 club.
You barely miss the goblin. The goblin hits you with a +0 dagger.
You hit the goblin.
The goblin is moderately wounded.
The goblin closely misses you.
You barely miss the goblin. You bite the goblin.
You kill the goblin!
The goblin unwields a +0 club.
The goblin wields a +0 hunting sling.
The goblin shoots a stone.
The stone hits you.
* * * LOW HITPOINT WARNING * * *
The goblin unwields a +0 hunting sling.
The goblin wields a +0 club.
The goblin hits you but does no damage.
Things that are here:
a +0 dagger; a goblin corpse The goblin unwields a +0 club.
The goblin wields a +0 hunting sling.
The goblin shoots a stone.
The stone hits you.
* * * LOW HITPOINT WARNING * * *
The goblin shoots a stone.
The stone hits you.
* * * LOW HITPOINT WARNING * * *
The goblin shoots a stone.
The stone closely misses you.
The goblin shoots a stone.
The stone hits you.
* * * LOW HITPOINT WARNING * * *
The goblin shoots a stone.
The stone hits you.
You die...

.........'.).....................
.........####...#g########....###
#.......## ##.##g# #.#.##
##.....## ####.# #.### ##...##
#.# #.# ##'## #.# #.# #.# #.# #.#
#<# ##########.# #.# #
##.###........@.# #.# #
##...##.#######..# #.######
##.....#.# #......# #.....(.
..#...##.# #.###.## ########
#.##.###.# #.# #.# #
#.######.###.# #.# #
#............# #.# #
########.#######.# # #.........#
#


You could see a hobgoblin and a goblin.

Vanquished Creatures
  Robin (D:2)
  2 adders (D:2)
  A dart slug (D:1)
  6 bats
  An endoplasm (D:2)
  3 giant cockroaches
  9 goblins
  4 hobgoblins
  6 jackals
  3 quokkas
  8 ball pythons
  2 frilled lizards (D:1)
  3 kobolds
  4 rats
53 creatures vanquished.

Notes
Turn   | Place    | Note
-------+----------+-------------------------------------------
     0 | D:1      | BlueGoblin the Vampire Monk began the quest for the Orb.
     0 | D:1      | Reached XP level 1. HP: 17/17 MP: 1/1
   126 | D:1      | Reached XP level 2. HP: 19/23 MP: 2/2
   128 | D:1      | Reached skill level 4 in Dodging
   169 | D:1      | Found a faded altar of an unknown god.
   434 | D:1      | Gained mutation: You are afflicted with vampirism and can
                  | become a bat while bloodless. [Vampire growth]
   434 | D:1      | Reached XP level 3. HP: 28/28 MP: 3/3
  1131 | D:2      | Reached skill level 5 in Dodging
  1597 | D:2      | Reached XP level 4. HP: 34/34 MP: 4/4
  1599 | D:2      | Noticed Robin
  2114 | D:2      | Killed Robin
  2147 | D:2      | Shot with a stone by a goblin

Illustrated notes

Levels and vault maps discovered:
D:1:      lemuel_arrival_broad_hall, layout_basic,
          chequers_ecumenical_altar_simple_redux, minmay_pentomino_r4
D:2:      layout_loops_corners, grunt_decor_clamped, minmay_misc_feat_encased,
          uniq_robin, uniq_crazy_yiuf_cottage

Skill      XL: |  1  2  3 |
---------------+----------+-----
Dodging        | 4 5 |  5.7
Fighting       | |  2.6
Long Blades    | |  3.0
Stealth        | |  3.0

Action                   |  1- 3 |  4- 6 || total
-------------------------+-------+-------++-------
Melee: Falchion          |   132 |    30 ||   162
       Bite              |    11 |     2 ||    13
 Abil: Exsanguinate      |       |     1 ||     1
       Revivify          |       |     1 ||     1
 Stab: Sleeping          |     8 |       ||     8
       Distracted        |     1 |     1 ||     2
Armor: Robe              |    26 |     9 ||    35
Dodge: Dodged            |   133 |    43 ||   176

Table legend: (Time is in decaauts)
 A = Elapsed time spent in this place.
 B = Non-inter-level travel time spent in this place.
 C = Inter-level travel time spent in this place.
 D = Time resting spent in this place.
 E = Time spent auto-exploring this place.
 F = Levels seen in this place.
 G = Mean time per level.
                   A        B        C        D        E       F      G
               +--------+--------+--------+--------+--------+-----+--------+
         Total |   2171 |   2158 |     13 |    245 |   1418 |   2 | 1085.5 |
       Dungeon |   2171 |   2158 |     13 |    245 |   1418 |   2 | 1085.5 |
               +--------+--------+--------+--------+--------+-----+--------+

Top non-repeatable levels by time:
     D:2: 1220 daAuts
     D:1: 951 daAuts
